 Dungeon Crawl Stone Soup version 0.21.1 (webtiles) character file.

1035 tidbits the Charmwright (level 8, 30/63 HPs)
             Began as a Gnoll Skald on Feb 2, 2018.
             Quit the game on level 7 of the Dungeon.
             The game lasted 00:12:31 (1308 turns).

tidbits the Charmwright (Gnoll Skald)               Turns: 1308, Time: 00:12:32

Health: 30/63      AC:  6    Str: 12 (15) XL:     8   Next: 24%
Magic:  8/16       EV: 14    Int: 19 (22) God:
Gold:   121        SH:  0    Dex: 11 (14) Spells: 8/18 levels left

rFire    + + .     SeeInvis .   a - +0 hand axe
rCold    + . .     Gourm    +   (no shield)
rNeg     . . .     Faith    .   B - +2 robe {rF+}
rPois    +         Spirit   .   (no helmet)
rElec    +         Reflect  .   C - +0 cloak
rCorr    +         Harm     .   (no gloves)
MR       .....                  F - +0 pair of boots
Stlth    ++........             f - amulet of the gourmand
HPRegen  0.20/turn              (no ring)
MPRegen  0.15/turn              (no ring)

@: brilliant, resistant
A: distributed training, fangs 1, strong nose
a: no special abilities


You were on level 7 of the Dungeon.
You were not hungry.

You visited 2 branches of the dungeon, and saw 9 of its levels.

You collected 121 gold pieces.

Inventory:

Hand Weapons
 a - a +0 hand axe (weapon)
 d - a +0 dagger of speed
   (You found it on level 3 of the Dungeon)
 o - a +0 blowgun
 s - a +0 long sword
Missiles
 l - 2 tomahawks (quivered)
 p - 16 poisoned needles
Armour
 m - a +0 ring mail
 q - a +0 leather armour
 B - a +2 robe of fire resistance (worn)
   (You took it off an orc wizard on level 4 of the Dungeon)
 C - a +0 cloak (worn)
 F - a +0 pair of boots (worn)
Magical Staves
 k - an uncursed staff of cold {unknown}
   (You found it on level 4 of the Dungeon)
Jewellery
 f - an amulet of the gourmand (around neck)
   (You found it on level 1 of the Dungeon)
Wands
 u - a wand of random effects (67)
Scrolls
 b - 2 scrolls of enchant weapon
 e - a scroll of noise {unknown}
 r - 4 scrolls of remove curse
 t - a scroll of teleportation
Potions
 g - a potion of lignification
 j - a potion of resistance
 n - a potion of brilliance
Books
 c - a book of Battle

   Spells                             Type                      Level
   a - Infusion                       Charms                       1
   b - Shroud of Golubria             Charms/Translocation         2
   c - Song of Slaying                Charms                       2
   d - Spectral Weapon                Hexes/Charms                 3
   e - Regeneration                   Charms/Necromancy            3
Comestibles
 i - 4 rations


   Skills:
 + Level 5.5 Fighting
 + Level 3.0 Short Blades
 + Level 3.0 Long Blades
 + Level 5.5 Axes
 + Level 3.0 Maces & Flails
 + Level 3.0 Polearms
 + Level 3.0 Staves
 + Level 3.0 Slings
 + Level 3.0 Bows
 + Level 3.0 Crossbows
 + Level 3.0 Throwing
 + Level 4.0 Armour
 + Level 5.5 Dodging
 + Level 3.0 Stealth
 + Level 3.0 Shields
 + Level 3.0 Unarmed Combat
 + Level 5.9 Spellcasting
 + Level 2.4 Conjurations
 + Level 2.4 Hexes
 + Level 6.0 Charms
 + Level 2.4 Summonings
 + Level 2.4 Necromancy
 + Level 2.4 Translocations
 + Level 2.4 Transmutations
 + Level 2.4 Fire Magic
 + Level 2.4 Ice Magic
 + Level 2.4 Air Magic
 + Level 2.4 Earth Magic
 + Level 2.4 Poison Magic
 + Level 3.3 Invocations
 + Level 3.0 Evocations


You had 8 spell levels left.
You knew the following spells:

 Your Spells              Type           Power        Failure   Level  Hunger
g - Shroud of Golubria    Chrm/Tloc      ####......   1%          2    None
r - Regeneration          Chrm/Necr      ####......   1%          3    ##.....
w - Spectral Weapon       Hex/Chrm       ####....     1%          3    ##.....
y - Song of Slaying       Chrm           #####...     1%          2    None


Dungeon Overview and Level Annotations

Branches:
Dungeon (8/15)             Temple (1/1) D:6
   Lair: D:8-11

Altars:
Dithmenos
Elyvilon
Fedhas
Gozag
Hepliaklqana
Kikubaaqudgha
Makhleb
Qazlal
Ru
Trog
Vehumet
Wu Jian
Zin

Annotations:
D:6 exclusion: statue


Innate Abilities, Weirdness & Mutations

Your experience applies equally to all skills.
You have very sharp teeth.
Your uncanny sense of smell can sniff out nearby items.


Message History

Your shroud bends the bullfrog's attack away!
The bullfrog hits you.
* * * LOW HITPOINT WARNING * * *
The bullfrog misses you.
You hit the bullfrog.
The bullfrog is heavily wounded.
You hit the bullfrog.
Your spectral weapon misses the bullfrog.
Your spectral weapon barely misses the bullfrog.
The bullfrog misses you. x2; The bullfrog barely misses you.
You hit the bullfrog.
The bullfrog is severely wounded.
You barely miss the bullfrog.
Your shroud begins to fray at the edges.
Your spectral weapon misses the bullfrog.
Your spectral weapon hits the bullfrog.
The bullfrog closely misses you.
Your shroud bends the bullfrog's attack away. x2
You hit the bullfrog.
The bullfrog is severely wounded.
You hit the bullfrog.
Your spectral weapon completely misses the bullfrog.
Your spectral weapon hits the bullfrog.
You kill the bullfrog!
Your Short Blades skill increases to level 3!
Your Long Blades skill increases to level 3!
Your Maces & Flails skill increases to level 3!
Your Polearms skill increases to level 3!
Your Staves skill increases to level 3!
Your Slings skill increases to level 3!
Your Bows skill increases to level 3!
Your Crossbows skill increases to level 3!
Your Throwing skill increases to level 3!
Your Armour skill increases to level 4!
Your Stealth skill increases to level 3!
Your Shields skill increases to level 3!
Your Unarmed Combat skill increases to level 3!
Your Evocations skill increases to level 3!
The bullfrog hits you but does no damage.
The bullfrog hits you.
* * * LOW HITPOINT WARNING * * *
Your shroud falls apart!
You closely miss the bullfrog. You bite the bullfrog.
The bullfrog is almost dead.
Your spectral weapon closely misses the bullfrog.
The bullfrog hits you.
* * * LOW HITPOINT WARNING * * *
You closely miss the bullfrog.
The bullfrog is almost dead.
Your spectral weapon hits the bullfrog.
You kill the bullfrog!
Casting: Shroud of Golubria
Confirm with . or Enter, or press ? or * to list all spells.
Your skin crawls.
There is a stone staircase leading down here.
Your skin is crawling a little less now.
You climb downwards.
Your summoned ally is left behind.
Your spectral weapon fades away.
There is a stone staircase leading up here.
Unknown command.
Found a wand of random effects (36).
A quokka comes into view.
You see here a wand of random effects (36).
u - a wand of random effects (69) (gained 36 charges)
Your skin stops crawling.
There is a stone staircase leading up here.
You climb upwards.
There is a stone staircase leading down here.
Unknown command.
An orc comes into view. It is wielding a hand axe.
Found a scroll of identify.
An orc comes into view. It is wielding a war axe.
An orc comes into view.
An orc comes into view. It is wielding a hand axe.
An orc warrior comes into view. It is wielding a scimitar.
Unknown command.
Evoke which item? (* to show all) (? for menu, Esc to quit)
Aiming: Random Effects
Press: ? - help, Shift-Dir - straight line, f - orc warrior
Aim: an orc warrior, wielding a scimitar and wearing a plate armour (resting)
The puff of frost hits the orc warrior.
The orc warrior is lightly wounded.
The orc warrior shouts!
The orc shouts! x2
Evoke which item? (* to show all) (? for menu, Esc to quit)
Aiming: Random Effects
Press: ? - help, Shift-Dir - straight line, f/p - orc warrior
Aim: an orc warrior, wielding a scimitar and wearing a plate armour (lightly wounded)
The orc warrior flickers and vanishes!
You hear a shout!
Unknown command.
Unknown command.
It was a potion of resistance.
You feel protected.
An orc comes into view. It is wielding a club.
It was a potion of brilliance.
You feel clever all of a sudden. The orc barely misses you.
It was a potion of degeneration.
There was something very wrong with that liquid.
You feel weakened.
You feel dopey.
You feel clumsy. The orc closely misses you.
Are you sure you want to abandon this character and quit the game? (Confirm with "yes".)

..........#
...........#
........o..#
...........#
.......oo.?#
...........#
........o..#
........@..#####
####..........#.#
..........####.#.# ###
#########.## .#.# #..
#..# .#.#.#.####
##.###.###.#.#.#.<...
#..........#.#.......
..........>##.###.####
o#..###.##............


You could see 4 orcs.

Vanquished Creatures
  Menkaure (D:7)
  A sky beast (D:5)
  2 ogres (D:6)
  2 bullfrogs (D:7)
  2 scorpions
  A centaur skeleton (D:6)
  3 orc priests
  5 orc wizards
  3 worker ants
  4 adders
  A shadow imp (D:4)
  3 worms
  A dart slug (D:3)
  2 leopard geckos (D:3)
  4 orcs
  2 ball pythons (D:3)
  3 goblins
  A hobgoblin (D:3)
  8 jackals
  6 kobolds
  A bat (D:3)
  2 frilled lizards (D:3)
  2 rats
60 creatures vanquished.

Notes
Turn   | Place    | Note
-------+----------+-------------------------------------------
     0 | D:1      | tidbits the Gnoll Skald began the quest for the Orb.
     0 | D:1      | Reached XP level 1. HP: 20/20 MP: 6/6
    61 | D:1      | Reached XP level 2. HP: 21/26 MP: 0/7
    73 | D:1      | Learned a level 2 spell: Song of Slaying
    76 | D:1      | Learned a level 2 spell: Shroud of Golubria
   293 | D:3      | Reached skill level 5 in Spellcasting
   293 | D:3      | Reached XP level 3. HP: 31/31 MP: 2/9
   300 | D:3      | Learned a level 3 spell: Regeneration
   304 | D:3      | Learned a level 3 spell: Spectral Weapon
   324 | D:3      | Reached skill level 1 in Short Blades
   324 | D:3      | Reached skill level 1 in Long Blades
   324 | D:3      | Reached skill level 1 in Maces & Flails
   324 | D:3      | Reached skill level 1 in Polearms
   324 | D:3      | Reached skill level 1 in Staves
   324 | D:3      | Reached skill level 1 in Slings
   324 | D:3      | Reached skill level 1 in Bows
   324 | D:3      | Reached skill level 1 in Crossbows
   324 | D:3      | Reached skill level 1 in Throwing
   324 | D:3      | Reached skill level 1 in Stealth
   324 | D:3      | Reached skill level 1 in Shields
   324 | D:3      | Reached skill level 1 in Unarmed Combat
   324 | D:3      | Reached skill level 1 in Invocations
   324 | D:3      | Reached skill level 1 in Evocations
   329 | D:3      | Reached XP level 4. HP: 8/38 MP: 2/11
   577 | D:4      | Reached skill level 1 in Conjurations
   577 | D:4      | Reached skill level 1 in Hexes
   577 | D:4      | Reached skill level 1 in Summonings
   577 | D:4      | Reached skill level 1 in Necromancy
   577 | D:4      | Reached skill level 1 in Translocations
   577 | D:4      | Reached skill level 1 in Transmutations
   577 | D:4      | Reached skill level 1 in Fire Magic
   577 | D:4      | Reached skill level 1 in Ice Magic
   577 | D:4      | Reached skill level 1 in Air Magic
   577 | D:4      | Reached skill level 1 in Earth Magic
   577 | D:4      | Reached skill level 1 in Poison Magic
   579 | D:4      | Reached XP level 5. HP: 35/43 MP: 6/12
   589 | D:4      | Reached skill level 3 in Armour
   602 | D:4      | Found a shadowy altar of Dithmenos.
   605 | D:5      | Entered Level 5 of the Dungeon
   605 | D:5      | Noticed an ogre
   668 | D:4      | Reached XP level 6. HP: 39/50 MP: 4/13
   723 | D:4      | Reached skill level 2 in Invocations
   772 | D:4      | Found an ancient bone altar of Kikubaaqudgha.
   772 | D:4      | Noticed a human
   783 | D:4      | Found an ornate altar of the Wu Jian Council.
   812 | D:5      | Noticed a sky beast
   832 | D:5      | Killed a sky beast
   832 | D:5      | Reached skill level 5 in Fighting
   832 | D:5      | Reached skill level 2 in Short Blades
   832 | D:5      | Reached skill level 2 in Long Blades
   832 | D:5      | Reached skill level 5 in Axes
   832 | D:5      | Reached skill level 2 in Maces & Flails
   832 | D:5      | Reached skill level 2 in Polearms
   832 | D:5      | Reached skill level 2 in Staves
   832 | D:5      | Reached skill level 2 in Slings
   832 | D:5      | Reached skill level 2 in Bows
   832 | D:5      | Reached skill level 2 in Crossbows
   832 | D:5      | Reached skill level 2 in Throwing
   832 | D:5      | Reached skill level 5 in Dodging
   832 | D:5      | Reached skill level 2 in Stealth
   832 | D:5      | Reached skill level 2 in Shields
   832 | D:5      | Reached skill level 2 in Unarmed Combat
   832 | D:5      | Reached skill level 2 in Evocations
   834 | D:5      | Found a bloodstained altar of Trog.
   853 | D:5      | Reached XP level 7. HP: 22/56 MP: 7/15
   920 | D:6      | Found a radiant altar of Vehumet.
   921 | D:6      | Found a staircase to the Ecumenical Temple.
   930 | Temple   | Entered the Ecumenical Temple
  1109 | D:6      | Found a sacrificial altar of Ru.
  1138 | D:6      | Reached skill level 2 in Conjurations
  1138 | D:6      | Reached skill level 2 in Hexes
  1138 | D:6      | Reached skill level 2 in Summonings
  1138 | D:6      | Reached skill level 2 in Necromancy
  1138 | D:6      | Reached skill level 2 in Translocations
  1138 | D:6      | Reached skill level 2 in Transmutations
  1138 | D:6      | Reached skill level 2 in Fire Magic
  1138 | D:6      | Reached skill level 2 in Ice Magic
  1138 | D:6      | Reached skill level 2 in Air Magic
  1138 | D:6      | Reached skill level 2 in Earth Magic
  1138 | D:6      | Reached skill level 2 in Poison Magic
  1239 | D:6      | Reached skill level 3 in Invocations
  1245 | D:7      | Noticed Menkaure
  1256 | D:7      | Killed Menkaure
  1256 | D:7      | Reached skill level 6 in Charms
  1256 | D:7      | Reached XP level 8. HP: 14/63 MP: 12/16
  1277 | D:7      | Reached skill level 3 in Short Blades
  1277 | D:7      | Reached skill level 3 in Long Blades
  1277 | D:7      | Reached skill level 3 in Maces & Flails
  1277 | D:7      | Reached skill level 3 in Polearms
  1277 | D:7      | Reached skill level 3 in Staves
  1277 | D:7      | Reached skill level 3 in Slings
  1277 | D:7      | Reached skill level 3 in Bows
  1277 | D:7      | Reached skill level 3 in Crossbows
  1277 | D:7      | Reached skill level 3 in Throwing
  1277 | D:7      | Reached skill level 4 in Armour
  1277 | D:7      | Reached skill level 3 in Stealth
  1277 | D:7      | Reached skill level 3 in Shields
  1277 | D:7      | Reached skill level 3 in Unarmed Combat
  1277 | D:7      | Reached skill level 3 in Evocations
  1308 | D:7      | Quit the game

Skill      XL: |  1  2  3  4  5  6  7  8 |
---------------+-------------------------+-----
Spellcasting   | 5 |  5.9
Short Blades   | 1 2 3 |  3.0
Long Blades    | 1 2 3 |  3.0
Maces & Flails | 1 2 3 |  3.0
Polearms       | 1 2 3 |  3.0
Staves         | 1 2 3 |  3.0
Slings         | 1 2 3 |  3.0
Bows           | 1 2 3 |  3.0
Crossbows      | 1 2 3 |  3.0
Throwing       | 1 2 3 |  3.0
Stealth        | 1 2 3 |  3.0
Shields        | 1 2 3 |  3.0
Unarmed Combat | 1 2 3 |  3.0
Invocations    | 1 2 3 |  3.3
Evocations     | 1 2 3 |  3.0
Conjurations   | 1 2 |  2.4
Hexes          | 1 2 |  2.4
Summonings     | 1 2 |  2.4
Necromancy     | 1 2 |  2.4
Translocations | 1 2 |  2.4
Transmutations | 1 2 |  2.4
Fire Magic     | 1 2 |  2.4
Ice Magic      | 1 2 |  2.4
Air Magic      | 1 2 |  2.4
Earth Magic    | 1 2 |  2.4
Poison Magic   | 1 2 |  2.4
Armour         | 3 4 |  4.0
Fighting       | 5 |  5.5
Axes           | 5 |  5.5
Dodging        | 5 |  5.5
Charms         | 6 |  6.0

Action                   |  1- 3 |  4- 6 |  7- 9 || total
-------------------------+-------+-------+-------++-------
Melee: Hand axe          |    40 |    98 |    51 ||   189
       Bite              |     2 |    12 |     4 ||    18
       Punch             |       |     1 |     2 ||     3
Throw: Tomahawk          |       |     2 |     1 ||     3
 Cast: Infusion          |     5 |       |       ||     5
       Spectral Weapon   |     1 |    12 |     7 ||    20
       Regeneration      |       |     5 |     3 ||     8
       Shroud of Golubri |       |     1 |     3 ||     4
Evoke: Wand              |       |       |     2 ||     2
  Use: Scroll            |     2 |     4 |       ||     6
       Potion            |       |       |     3 ||     3
 Stab: Distracted        |       |     3 |       ||     3
       Sleeping          |       |     1 |       ||     1
  Eat: Ration            |       |     1 |       ||     1
Armor: Leather armour    |     7 |    15 |       ||    22
       Robe              |       |     8 |     2 ||    10
Dodge: Dodged            |    23 |    62 |    28 ||   113

Table legend:
 A = Turns spent in this place as a percentage of turns spent in the entire game.
 B = Non-inter-level travel turns spent in this place as a percentage of non-inter-level travel turns spent in the entire game.
 C = Inter-level travel turns spent in this place as a percentage of turns spent in this place.
 D = Turns resting spent in this place as a percentage of non-inter-level travel turns spent in this place.
 E = Turns spent auto-exploring this place as a percentage of non-inter-level travel turns spent in this place.
 F = Non-inter-level travel turns spent in this place divided by the number of levels of this place that you've seen.
                   A       B       C       D       E      F
               +-------+-------+-------+-------+-------+----------------------
         Total | 100.0 | 100.0 |   1.1 |   0.0 |   0.0 | 143.8
       Dungeon |  88.3 |  89.3 |   0.0 |   0.0 |   0.0 | 144.4
        Temple |  11.7 |  10.7 |   9.2 |   0.0 |   0.0 | 139.0
               +-------+-------+-------+-------+-------+----------------------

Table legend:
 A = Kills in this place as a percentage of kills in entire the game.
 B = Kills by you in this place as a percentage of kills by you in the entire game.
 C = Kills by friends in this place as a percentage of kills by friends in the entire game.
 D = Other kills in this place as a percentage of other kills in the entire game.
 E = Experience gained in this place as a percentage of experience gained in the entire game.
 F = Experience gained in this place divided by the number of levels of this place that you have seen.
                   A       B       C       D       E      F
               +-------+-------+-------+-------+-------+----------------------
         Total | 100.0 | 100.0 |   N/A |   N/A | 100.0 | 164.3
       Dungeon | 100.0 | 100.0 |   N/A |   N/A | 100.0 | 184.9
               +-------+-------+-------+-------+-------+----------------------

Vault maps used:
D:1:      eino_arrival_cavern_b
D:2:      nicolae_overflow_crystal_walls, marbit_many_paths,
          kennysheep_generic_room_10
D:4:      nicolae_dithmenos_the_darkroom, lemuel_crystal_altar, st_stairs_13,
          corexii_shack, tgw_kikubaaqudgha
D:5:      overflow_temple_1_default, first_ration, st_stairs_14,
          hangedman_glass_teeth, bloody_trog, uniq_eustachio
D:6:      vehumet_statue, lemuel_blue_sif_altar,
          minmay_temple_entry_statues_pillars, enter_ossuary_2,
          hangedman_ru_absence, uniq_duvessa
D:7:      overflow_temple_1_default, lemuel_doored_altar,
          lemuel_coloured_pillars_altar, uniq_menkaure
D:8:      nemelex_xobeh_ov_fountains_minmay, blue_anna_alchemist,
          nicolae_qazlal_eye_of_the_storm, uniq_erica
Temple:   dpeg_chambers_temple
